 Dungeon Crawl Stone Soup version 0.30-b1-2-g02819fbbbe (webtiles) character file.

Game seed: 13240720688353906757

32 snakesoul the Digger (level 3, -3/19 HPs)
             Began as a Gargoyle Earth Elementalist on May 29, 2023.
             Shot with a sling bullet by a goblin (6 damage)
             ... on level 2 of the Dungeon.
             The game lasted 00:02:07 (1085 turns).

snakesoul the Digger (Gargoyle Earth Elementalist)  Turns: 1085, Time: 00:02:08

Health: -3/19      AC:  5    Str: 11    XL:     3   Next: 27%
Magic:  1/6        EV: 11    Int: 17    God:
Gold:   85         SH:  0    Dex: 10    Spells: 1/7 levels left

rFire   . . .        d - +0 club
rCold   . . .        (no shield)
rNeg    + . .        a - +0 robe
rPois   ∞            (no helmet)
rElec   +            (no cloak)
rCorr   .            (no gloves)
SInv    .            (no boots)
Will    .....        (no amulet)
Stlth   ++           (no ring)
HPRegen 0.23/turn    (no ring)
MPRegen 0.10/turn

%: no passive effects
@: no status effects
A: sickness immunity, AC +3, negative energy resistance 1, electricity
resistance, torment resistance 1, petrification resistance
a: no special abilities


You were on level 2 of the Dungeon.
You visited 1 branch of the dungeon, and saw 2 of its levels.

You collected 85 gold pieces.

Inventory:

Hand Weapons
 d - a +0 club (weapon)
Missiles
 g - 6 stones
 h - 8 poisoned darts
Armour
 a - a +0 robe (worn)
Scrolls
 f - a scroll of fear {unknown}
Potions
 b - a potion of magic
 c - a potion of might {unknown}
 e - a potion of mutation {unknown}
 i - a potion of attraction {unknown}
 j - a potion of degeneration {unknown}


   Skills:
 - Level 1.5 Dodging
 - Level 2.1 Stealth
 + Level 2.5 Spellcasting
 + Level 1.5 Transmutations
 + Level 4.2 Earth Magic


You had one spell level left.
You knew the following spells:

 Your Spells              Type           Power      Damage    Failure   Level
a - Sandblast             Erth           32%        2d9       3%          1
b - Passwall              Tmut/Erth      9%         N/A       9%          2
c - Stone Arrow           Conj/Erth      18%        3d8       24%         3

Your spell library contained the following spells:

 Spells                   Type           Power      Damage    Failure   Level
 Sting                    Tmut/Pois      16%        1d3       14%         1
 Poisonous Vapours        Pois/Air       4%         N/A       28%         2
 Petrify                  Tmut/Erth      11%        N/A       50%         4
 Olgreb's Toxic Radiance  Pois           2%         N/A       88%         4


Dungeon Overview and Level Annotations

Branches:
Dungeon (2/15)

Altars:


Innate Abilities, Weirdness & Mutations

You are immune to sickness and miasma.
Your stone body is resilient. (AC +3)
You are immune to poison.
You resist negative energy. (rN+)
You are resistant to electric shocks. (rElec)
You are resistant to unholy torment.
You are immune to petrification.


Message History

The blast of sand hits the hobgoblin.
The hobgoblin is almost dead.
The endoplasm quivers.
The hobgoblin hits you.
The blast of sand hits the hobgoblin!
You kill the hobgoblin!
The endoplasm hits you but does no damage.
The blast of sand hits the endoplasm!
You kill the endoplasm!
The rat closely misses you.
The goblin shoots a sling bullet.
The sling bullet hits you.
The blast of sand misses the rat.
The rat bites you but does no damage.
The goblin shoots a sling bullet.
The sling bullet hits you but does no damage.
The rat bites you.
The blast of sand misses the rat.
The goblin shoots a sling bullet.
The sling bullet hits you. The rat completely misses you.
The goblin shoots a sling bullet.
The sling bullet hits you.
You are too injured to fight recklessly!
You are too injured to fight recklessly!
You are too injured to fight recklessly!
You barely miss the rat. The rat bites you but does no damage.
The goblin shoots a sling bullet.
The sling bullet hits you.
* * * LOW HITPOINT WARNING * * *
You completely miss the rat. The rat bites you but does no damage.
The goblin shoots a sling bullet.
The sling bullet misses you. The rat barely misses you.
You are too injured to fight recklessly!
You are too injured to fight recklessly!
You are too injured to fight recklessly!
Casting: Sandblast (safe; 3% risk of failure)
Confirm with . or Enter, or press ? or * to list all spells.
Aiming: Sandblast (safe; 3% risk of failure)
Press: ? - help, Shift-Dir - straight line, f/p - rat
Aim: a rat (82% to hit)
The blast of sand hits the rat!
You kill the rat!
The goblin shoots a sling bullet.
The sling bullet closely misses you.
The goblin shoots a sling bullet.
The sling bullet hits you.
You die...

###.^. #.....
#....# # #....#
..# #....#
....#....
.......†#######
...g...@.......
.?.......######
.....###.# ....
#:# ##. #.# #
###.# #...# #..
#...# #...
#...#


You could see a goblin.

Vanquished Creatures
  A ball python (D:1)
  2 bats (D:1)
  4 endoplasms
  7 goblins (D:1)
  4 hobgoblins
  4 jackals (D:1)
  A quokka (D:1)
  A kobold (D:1)
  3 rats
27 creatures vanquished.

Notes
Turn   | Place    | Note
-------+----------+-------------------------------------------
     0 | D:1      | snakesoul the Gargoyle Earth Elementalist began the quest
                  | for the Orb.
     0 | D:1      | Reached XP level 1. HP: 10/10 MP: 3/3
   182 | D:1      | Reached skill level 1 in Transmutations
   229 | D:1      | Reached XP level 2. HP: 15/15 MP: 1/5
   424 | D:1      | Reached skill level 4 in Earth Magic
   678 | D:1      | Reached XP level 3. HP: 19/19 MP: 2/6
   730 | D:1      | Learned a level 2 spell: Passwall
   734 | D:1      | Learned a level 3 spell: Stone Arrow
  1085 | D:2      | Shot with a sling bullet by a goblin

Illustrated notes

Levels and vault maps discovered:
D:1:      nicolae_arrival_memento_mori, layout_basic
D:2:      layout_basic, basic_altar

Skill      XL: |  1  2 |
---------------+-------+-----
Transmutations | 1 |  1.5
Earth Magic    | 4 |  4.2
Dodging        | |  1.5
Stealth        | |  2.1
Spellcasting   | |  2.5

Action                     || total
---------------------------++-------
  Melee: Club              ||    10
   Cast: Sandblast         ||    32
 Armour: Robe              ||    16
  Dodge: Dodged            ||    18
